 Dungeon Crawl Stone Soup version 0.31.0-9-g3a7656b989 (webtiles) character file.

Game seed: 12582631832792127285

291 qw the Shooter (level 6, 0/30 HPs)
             Began as a Spriggan Hunter on Feb 2, 2024.
             Constricted to death by a ball python (1 damage)
             ... on level 4 of the Dungeon.
             The game lasted 00:00:09 (2221 turns).

qw the Shooter (Spriggan Hunter)                    Turns: 2221, Time: 00:00:09

Health: 0/30       AC:  3    Str:  7    XL:     6   Next: 10%
Magic:  7/7        EV: 17    Int: 11    God:
Gold:   147        SH:  0    Dex: 20    Spells: 5/5 levels left

rFire   . . .        a - +1 shortbow
rCold   . . .        (shield currently unavailable)
rNeg    . . .        c - +0 robe
rPois   .            (helmet restricted)
rElec   .            k - +0 cloak
rCorr   .            (gloves unavailable)
SInv    +            (boots unavailable)
Will    +....        (no amulet)
Stlth   ++           (no ring)
HPRegen 0.25/turn    (no ring)
MPRegen 0.10/turn

%: no passive effects
@: constricted, very quick
A: very small, no large weapons, unfitting armour, see invisible, speed 3
a: no special abilities


You were on level 4 of the Dungeon.
You visited 1 branch of the dungeon, and saw 4 of its levels.

You collected 147 gold pieces.


Innate Abilities, Weirdness & Mutations

You are very small and have problems with some larger weapons.
You are too small for most types of armour.
You have supernaturally acute eyesight. (SInv)
You cover ground extremely quickly. (Speed+++)


   Skills:
 - Level 2.0 Fighting
 - Level 6.2 Ranged Weapons
 + Level 5.5 Dodging
 - Level 1.5 Stealth


You had 5 spell levels left.
You didn't know any spells.
Your spell library was empty.

Inventory:

Hand Weapons
 a - a +1 shortbow (weapon)
Armour
 c - a +0 robe (worn)
 k - a +0 cloak (worn)
Wands
 l - a wand of acid (4)
Scrolls
 g - a scroll of noise {unknown}
Potions
 d - a potion of attraction {unknown}
 e - a potion of mutation {unknown}
 h - a potion of berserk rage {unknown}
 i - a potion of curing
 j - a potion of enlightenment {unknown}

Dungeon Overview and Level Annotations

Branches:
Dungeon (4/15)
 Temple: D:4-7

Altars:
Vehumet


Message History

The black bear is moderately wounded.
The black bear barely misses you. The black bear misses you.
The black bear closely misses you.
You shoot an arrow.
The arrow hits the black bear but does no damage.
The black bear is moderately wounded.
The black bear closely misses you.
The black bear claws you but does no damage.
The black bear barely misses you.
You shoot an arrow. The arrow barely misses the black bear.
The arrow hits the orc!
You kill the orc!
You hear an angry hiss.
The black bear bites you. The black bear claws you.
The black bear closely misses you.
You shoot an arrow. The arrow hits the black bear.
The black bear is moderately wounded.
A ball python comes into view.
The black bear bites you but does no damage.
The black bear closely misses you. The black bear completely misses you.
You shoot an arrow. The arrow hits the black bear!
The black bear is severely wounded.
The black bear misses you. x2
The black bear claws you but does no damage.
The black bear completely misses you. The black bear closely misses you.
The black bear barely misses you.
You shoot an arrow.
The arrow hits the black bear but does no damage.
The black bear is severely wounded.
The ball python misses you. The ball python closely misses you.
The black bear closely misses you. The black bear misses you. x2
You shoot an arrow. The arrow hits the black bear.
The black bear is almost dead.
The ball python closely misses you. The ball python completely misses you.
The black bear bites you. The black bear misses you. The black bear claws you.
You shoot an arrow. The arrow hits the black bear.
You kill the black bear!
The ball python completely misses you. The ball python grabs you.
The ball python constricts you.
You die...

##### # ## #########.
#........
#######.##....#
#.........)....
#..##..)###...##
#.#.#.#.#.#
#...#.#)%@#
#....###...###S......
#..#. #.#.# .#..###
#. . #.#%#.# .. .# ##
..#.#.#..### # ..#.#
#.#.. ##..# #..## .##
##. # #


You could see a ball python.

Vanquished Creatures
  An orc warrior (D:4)
  A black bear (D:4)
  A howler monkey (D:4)
  2 orc wizards (D:4)
  2 adders
  A river rat (D:4)
  A dart slug (D:3)
  14 orcs
  4 bats
  6 endoplasms
  5 giant cockroaches
  2 goblins
  7 hobgoblins
  2 jackals (D:4)
  A quokka (D:2)
  A ball python (D:1)
  2 frilled lizards (D:2)
  5 kobolds
  7 rats
65 creatures vanquished.

Notes
Turn   | Place    | Note
-------+----------+-------------------------------------------
     0 | D:1      | qw the Spriggan Hunter began the quest for the Orb.
     0 | D:1      | Reached XP level 1. HP: 10/10 MP: 2/2
     0 | D:1      | 0 ||| qw: Version: 0.3-a-155-g5e7d8dd
     0 | D:1      | 0 ||| qw: Game counter: 1606
     0 | D:1      | 0 ||| qw: Melee chars always use a shield: true
     0 | D:1      | 0 ||| qw: God list: Okawaru
     0 | D:1      | 0 ||| qw: Allow faded altars: false
     0 | D:1      | 0 ||| qw: Do Orc after clearing Dungeon:15 true
     0 | D:1      | 0 ||| qw: Do second Lair branch before Depths: true
     0 | D:1      | 0 ||| qw: Lair rune preference: random
     0 | D:1      | 0 ||| qw: Goals: Normal
     0 | D:1      | 0 ||| PLANNING D:1-11
    43 | D:1      | Reached skill level 3 in Dodging
   250 | D:1      | Reached XP level 2. HP: 14/14 MP: 3/3
   519 | D:1      | 519 ||| DROPPING +6 ring of intelligence.
   520 | D:1      | 520 ||| READING scroll labelled JOEPLU DOTHRO.
   520 | D:1      | 520 ||| ENCHANTING +0 shortbow.
   521 | D:1      | 521 ||| READING scroll labelled DESINGIYKHU.
   522 | D:1      | 522 ||| READING scroll labelled FONUMI IKAFIXU.
   525 | D:1      | 525 ||| DROPPING scroll of butterflies.
   997 | D:2      | Reached XP level 3. HP: 18/18 MP: 4/4
  1273 | D:2      | 1273 ||| READING scroll labelled ONOLAES YFO.
  1274 | D:2      | 1274 ||| DRINKING 2 red potions.
  1302 | D:3      | 1302 ||| STAIRDANCE
  1328 | D:3      | 1328 ||| STAIRDANCE
  1376 | D:3      | 1376 ||| STAIRDANCE
  1501 | D:3      | Found a radiant altar of Vehumet.
  1547 | D:3      | Reached skill level 5 in Ranged Weapons
  1842 | D:3      | Reached XP level 4. HP: 21/22 MP: 5/5
  1925 | D:3      | 1925 ||| UPGRADING to +0 cloak.
  1930 | D:3      | 1930 ||| READING scroll labelled PUPIMI UVAOQO.
  1930 | D:3      | 1930 ||| IDENTIFYING purple potion
  1931 | D:3      | 1931 ||| READING scroll labelled RICLOB YLAIN.
  1958 | D:4      | 1958 ||| PLANNING OSSUARY
  2139 | D:4      | HP: 3/22 [orc priest/divine providence (14)]
  2140 | D:4      | 2140 ||| READING scroll of teleportation.
  2141 | D:4      | 2141 ||| DRINKING potion of heal wounds.
  2148 | D:4      | Reached XP level 5. HP: 18/26 MP: 6/6
  2199 | D:4      | Noticed an orc warrior
  2200 | D:4      | 2200 ||| ZAPPING wand of acid (7) at 1,1 (orc warrior;
                  | floor).
  2201 | D:4      | 2201 ||| ZAPPING wand of acid (6) at 1,1 (orc warrior;
                  | floor).
  2202 | D:4      | 2202 ||| ZAPPING wand of acid (5) at 1,1 (orc warrior;
                  | floor).
  2202 | D:4      | Killed an orc warrior
  2203 | D:4      | Reached skill level 6 in Ranged Weapons
  2203 | D:4      | Reached XP level 6. HP: 30/30 MP: 7/7
  2216 | D:4      | HP: 7/30 [black bear (3)]
  2220 | D:4      | HP: 3/30 [black bear (3)]
  2220 | D:4      | HP: 1/30 [black bear (2)]
  2221 | D:4      | Constricted to death by a ball python

Levels and vault maps discovered:
D:1:      psy_arrival_terrarium, layout_basic
D:2:      layout_basic
D:3:      layout_loops_cross, nicolae_vehumet_radiance
D:4:      layout_basic, nicolae_overflow_macrodata_refinement,
          gup_sewer_entry_spiral, chequers_ossuary_entry_cave,
          serial_bayou_pond_d, minmay_starry_boxes

Skill      XL: |  1  2  3  4  5 |
---------------+----------------+-----
Dodging        | 3 4 5 |  5.5
Ranged Weapons | 5 6 |  6.2
Fighting       | 2 |  2.0
Stealth        | |  1.5

Action                     |  1- 3 |  4- 6 || total
---------------------------+-------+-------++-------
   Fire: Shortbow          |   114 |    77 ||   191
  Evoke: Wand              |       |     3 ||     3
    Use: Scroll            |     4 |     3 ||     7
         Potion            |     1 |     1 ||     2
 Armour: Robe              |    12 |    16 ||    28
  Dodge: Dodged            |    39 |    44 ||    83

Table legend:
 A = Non-vault XP
 B = Vault XP
 C = Vault XP percentage of total XP
 D = Non-vault monster count
 E = Vault monster count
 F = Vault count percentage of total count
                 A         B        C        D         E       F
            +---------+---------+-------+---------+---------+-------
      Total |     336 |     202 |  37.5 |      57 |       8 |  12.3
            +---------+---------+-------+---------+---------+-------
        D:1 |      22 |       0 |   0.0 |      14 |       0 |   0.0
        D:2 |      42 |       0 |   0.0 |      15 |       0 |   0.0
        D:3 |      36 |       0 |   0.0 |      12 |       0 |   0.0
        D:4 |     236 |     202 |  46.1 |      16 |       8 |  33.3
            +---------+---------+-------+---------+---------+-------
